[Event "*** Titled Tuesday Blitz"]
[Site "Chess.com"]
[Date "2020.11.24"]
[Round "9"]
[White "Bacyanide"]
[Black "IMAghasiyevKamal"]
[Result "0-1"]
[WhiteElo "2442"]
[BlackElo "2574"]
[TimeControl "180+1"]
[EndTime "12:04:04 PST"]
[Termination "IMAghasiyevKamal won by resignation"]

1. d4 d5 2. Nf3 Nf6 3. c4 e6 4. Nc3 Be7 5. Bg5 Nbd7 6. e3 O-O 7. Qc2 h6 8. Bh4 c5 9. cxd5 Nxd5 10. Bxe7 Nxe7 11. Rd1 Qa5 12. Bd3 cxd4 13. Nxd4 Ne5 14. Be2 N5c6 15. O-O Nxd4 16. Rxd4 e5 17. Rd2 Be6 18.
Bf3 Rab8 19. Rfd1 Rfc8 20. a3 Qb6 21. Qe4 Qc5 22. Qb1 Bb3 23. Rc1 f5 24. Be2 e4 25.
Bd1 Be6 26. Ne2 Qa5 27. Rc3 Rd8 28. Nd4 Nd5 29. Rcc2 Nf6 30. Qc1 Qe5 31. Rc5 Rd5 32. Rc7 f4 33. exf4 Qxf4 34. Rxg7+ Kh8 35. Rg3 Rc8 36. Bc2 Rxd4 37. Re3 Ng4 38. Rxd4 Qxf2+ 39. Kh1 Nxe3 40. Rd2 Rxc2 41. Rxc2 Qxc2 42. Qxe3 Qd1+ 43. Qg1 Qxg1+ 44. Kxg1 Kg7 45. Kf2 Kf6 46. Ke3 Ke5 47.
g3 a5 48. h4 h5 49. b4 axb4 50.
axb4 b5 51. Ke2 Kd4 52. Kd2 e3+ 53. Ke2 Ke4 54. Ke1 Kf3 55. Kf1 Bg4 56. Ke1 e2 57.
Kd2 Kf2 58. Kd3 e1=Q 59. Kd4 Qxb4+ 60. Ke5 Qc3+ 61. Kd6 Qxg3+ 62. Ke7 Qxh4+ 63. Kf8 Qg3 64. Kg8 h4 65. Kh7 h3 66. Kg6 h2 67. Kh6 h1=Q+ 0-1

[Event "*** Titled Tuesday Blitz"]
[Site "Chess.com"]
[Date "2020.11.24"]
[Round "9"]
[White "sunofadawn"]
[Black "Satscho"]
[Result "1/2-1/2"]
[WhiteElo "2480"]
[BlackElo "2347"]
[TimeControl "180+1"]
[EndTime "12:04:09 PST"]
[Termination "Game drawn by repetition"]

1. e4 c5 2. Nf3 d6 3. d4 cxd4 4. Nxd4 Nf6 5. Nc3 a6 6. Be2 e5 7.
Nb3 Be7 8. Bg5 Be6 9. Bxf6 Bxf6 10. Nd5 Bg5 11. O-O Nd7 12. c4 O-O 13. a4 Rc8 14. a5 Nf6 15. Nxf6+ Bxf6 16. Nd2 Bg5 17. b3 f5 18. Bf3 Bxd2 19. Qxd2 f4 20. Rfd1 Rc6 21. Qb4 Qe7 22. Rd3 g5 23. h3 Rd8 24. Rad1 Rd7 25. Bg4 Bxg4 26. hxg4 Qe6 27. c5 dxc5 28. Qa4 Rd4 29. b4 Qxg4 30. f3 Qe6 31. Rxd4 cxd4 32.
b5 Qc4 33. Qa3 axb5 34. Qe7 b4 35. Qxg5+ Rg6 36. Qd8+ Kg7 37. Qe7+ Kh6 38. Qxe5 Qe2 39. Qxf4+ Kg7 40. Qe5+ Kh6 41. Qh2+ Kg7 42. Rb1 d3 43. Qe5+ Kh6 44. Qf4+ Kg7 45. g4 d2 46. Qe5+ Rf6 47. g5 Qe1+ 48. Kg2 Qe2+ 49. Kh1 Qxf3+ 50. Kg1 Qf2+ 51.
Kh1 Qh4+ 52. Kg2 Qg4+ 53. Kh2 Qh4+ 54. Kg2 Qg4+ 55. Kh2 Qh4+ 56. Kg2 1/2-1/2

[Event "*** Titled Tuesday Blitz"]
[Site "Chess.com"]
[Date "2020.11.24"]
[Round "9"]
[White "SHIVACalypso"]
[Black "GMJustin"]
[Result "0-1"]
[WhiteElo "2410"]
[BlackElo "2295"]
[TimeControl "180+1"]
[EndTime "12:04:09 PST"]
[Termination "GMJustin won by resignation"]

1. Nf3 d5 2. c4 d4 3. e3 Nc6 4.
exd4 Nxd4 5. Nxd4 Qxd4 6. Nc3 c6 7. d3 Nh6 8. Be3 Qd8 9. d4 Nf5 10. Qd2 g6 11. Be2 Bg7 12. O-O-O e5 13. d5 O-O 14. Bc5 Re8 15. Kb1 Nd4 16. Bd3 b6 17. Ba3 cxd5 18. Nxd5 e4 19. Bc2 Bg4 20. Rde1 Nxc2 21. Qxc2 e3 22.
fxe3 Re4 23. Rhf1 Bf5 24. Rxf5 gxf5 25. Ne7+ Rxe7 26. Bxe7 Qxe7 27. Qxf5 Re8 28. e4 Qe6 29. Qf1 Qe5 30. Qe2 Rd8 31. Qc2 Rd4 32. g3 Rxc4 33. Qd2 Rd4 34. Qc2 h6 35. Re2 Rb4 36.
a3 Rxb2+ 37. Qxb2 Qxb2+ 38. Rxb2 Bxb2 39. Kxb2 Kg7 40. Kc3 Kf6 41. Kd4 Ke6 42. a4 a6 43.
h3 b5 44. a5 Kd6 45. g4 f6 46. h4 Ke6 47. Kc5 Ke5 48. Kb6 b4 49. Kxa6 b3 50.
g5 fxg5 51. hxg5 hxg5 52. Ka7 b2 53. a6 b1=Q 54. Ka8 Kxe4 55. a7 Qa2 56. Kb8 Qxa7+ 57.
Kxa7 g4 0-1

[Event "*** Titled Tuesday Blitz"]
[Site "Chess.com"]
[Date "2020.11.24"]
[Round "9"]
[White "VladaSviridova"]
[Black "Bastiandash"]
[Result "0-1"]
[WhiteElo "2279"]
[BlackElo "2411"]
[TimeControl "180+1"]
[EndTime "12:04:09 PST"]
[Termination "Bastiandash won on time"]

1. d4 Nf6 2. c4 e6 3. Nf3 Bb4+ 4. Bd2 a5 5. g3 O-O 6. Bg2 d5 7.
Qc2 c5 8. cxd5 cxd4 9. Nxd4 Nxd5 10. O-O Bxd2 11. Qxd2 Qb6 12. Nc3 Rd8 13. Nxd5 exd5 14. Rac1 Nc6 15. e3 Bg4 16. h3 Bd7 17. Nxc6 Bxc6 18.
Qd4 Qxd4 19. exd4 Re8 20. Rfe1 Kf8 21. f4 a4 22. a3 Ra5 23. Kf2 Rb5 24. Rxe8+ Kxe8 25. Rc2 Rb3 26. g4 Rd3 27. Re2+ Kd7 28. g5 Rxd4 29. Kg3 Rd3+ 30. Kg4 g6 31. f5 Kd6 32. fxg6 hxg6 33. h4 Bd7+ 34. Kf4 Bf5 35. Bf3 Rd4+ 36. Kg3 Rd3 37. Kf4 Rb3 38. h5 gxh5 39. Bxh5 Be6 40. Bf3 b5 41. Rd2 b4 42. axb4 Rxb4+ 43. Ke3 Ke5 44. Kf2 Rb3 45. Re2+ Kf5 46. g6 fxg6 47. Kg2 d4 48. Be4+ Kg5 49. Bc6 Bf5 50. Bxa4 Rb4 51. Bc6 Rb3 52. Rd2 d3 53. Bd5 Rb8 54. Bc4 Rd8 55. b3 Kf4 56. Kf2 g5 57. b4 g4 58. b5 g3+ 59. Kg1 Ke3 60. Rd1 d2 61.
b6 Bg4 62. Ra1 d1=Q+ 63. Rxd1 Bxd1 0-1

[Event "*** Titled Tuesday Blitz"]
[Site "Chess.com"]
[Date "2020.11.24"]
[Round "9"]
[White "GMKrikor"]
[Black "GMaka"]
[Result "0-1"]
[WhiteElo "2691"]
[BlackElo "2440"]
[TimeControl "180+1"]
[EndTime "12:04:10 PST"]
[Termination "GMaka won by resignation"]

1. e4 c6 2. d4 d5 3. Nc3 dxe4 4.
Nxe4 Nf6 5. Nxf6+ exf6 6. c3 Bd6 7. Bd3 O-O 8. Qc2 Re8+ 9. Ne2 h5 10. O-O h4 11. h3 Nd7 12. Be3 Nf8 13. Rad1 Qc7 14.
c4 Bd7 15. Nc3 Re7 16. d5 Rae8 17. Qd2 a6 18. dxc6 Bxc6 19. Bh7+ Kxh7 20. Qxd6 Qxd6 21. Rxd6 Rxe3 22. fxe3 Rxe3 23. Rd2 Ne6 24. Nd5 Re4 25.
b3 Ng5 26. Rfd1 a5 27. Rd4 Re2 28. Rxh4+ Kg8 29. Rhd4 Kh7 30. R4d2 Re8 31. Rf1 Re5 32. Rfd1 Ne4 33. Re2 f5 34. Kh2 f6 35. Nf4 g5 36.
Nd3 Re7 37. Nf2 Kg6 38. Nxe4 fxe4 39. g4 f5 40. gxf5+ Kxf5 41. Rf1+ Ke5 42. Kg3 Rh7 43.
Rfe1 Rh4 44. Re3 Rf4 45. R1e2 Rf1 46. Re1 Rf4 47. R3e2 Rf3+ 48. Kh2 Kf4 49. Rg2 e3 50. Rg4+ Kf5 51. Rg2 Kf4 52. Ree2 Bd7 53. Kg1 Bxh3 54. Kh2 g4 55. Rg1 Rf2+ 56. Rxf2+ exf2 57. Rd1 f1=Q 0-1

[Event "*** Titled Tuesday Blitz"]
[Site "Chess.com"]
[Date "2020.11.24"]
[Round "9"]
[White "KetiTsatsalashvili"]
[Black "ChainsOfFantasia"]
[Result "0-1"]
[WhiteElo "2308"]
[BlackElo "2483"]
[TimeControl "180+1"]
[EndTime "12:04:10 PST"]
[Termination "ChainsOfFantasia won by resignation"]

1. Nf3 Nf6 2. d4 d5 3. Bf4 c5 4. e3 Nc6 5. c3 Qb6 6. Qb3 c4 7. Qc2 Bf5 8. Qc1 h6 9. h3 e6 10.
Be2 Be7 11. O-O O-O 12. Nbd2 Qd8 13. Ne5 Rc8 14. Bd1 b5 15. a3 a5 16. Bc2 b4 17.
axb4 axb4 18. Bxf5 exf5 19. Ra6 Nxe5 20. Bxe5 Ne4 21.
f3 Nxd2 22. Qxd2 Qd7 23. Rfa1 bxc3 24. bxc3 Rfe8 25. Qf2 Bf8 26. Qg3 Re6 27. Ra7 Qb5 28. Qf4 g6 29. e4 dxe4 30. fxe4 Rxe5 31. dxe5 Bc5+ 32. Kh2 Bxa7 33. Rxa7 Re8 34. exf5 Qxe5 35. Qxe5 Rxe5 36. fxg6 fxg6 37. Rc7 Re4 38. Kg1 g5 39. Kf2 g4 40. hxg4 Rxg4 41. Kf3 h5 42. Rc5 Rh4 43.
g3 Rh1 44. Rxc4 Kf7 45. Kf4 h4 46. g4 Rf1+ 47. Kg5 h3 48. Rc7+ Kg8 49. Rc8+ Rf8 50. Rc6 Rf7 51. Rc8+ Kg7 52. Rc6 Kg8 53. Rc8+ Kh7 54.
Rc6 Rg7+ 55. Kh5 h2 56. Rh6+ Kg8 57. g5 h1=Q+ 58. Kg4 Qg2+ 59. Kf5 Qxg5+ 0-1

[Event "*** Titled Tuesday Blitz"]
[Site "Chess.com"]
[Date "2020.11.24"]
[Round "9"]
[White "Nara_Kh"]
[Black "Bulldog167"]
[Result "0-1"]
[WhiteElo "2360"]
[BlackElo "2607"]
[TimeControl "180+1"]
[EndTime "12:04:10 PST"]
[Termination "Bulldog167 won on time"]

1. e4 e6 2. d4 d5 3. Nd2 Nf6 4. e5 Nfd7 5. Bd3 c5 6. c3 Nc6 7. Ngf3 Be7 8. O-O Qb6 9. Re1 cxd4 10. cxd4 Nxd4 11. Nxd4 Qxd4 12. Nf3 Qb6 13. Qa4 Qb4 14.
Qc2 Nc5 15. Bd2 Qa4 16. b3 Qd7 17. Bxh7 g6 18. Bxg6 fxg6 19. Qxg6+ Kd8 20. Rac1 Qe8 21. Qc2 Bd7 22. b4 Na6 23. a3 Qh5 24. h3 Rg8 25.
Kh2 Qg6 26. Qxg6 Rxg6 27. Nd4 Nc7 28. f4 Bh4 29. Re3 Nb5 30. Ne2 d4 31. Rd3 Bc6 32. g3 Be4 33. Rb3 Be7 34. a4 d3 35. Ng1 Nd4 36. Rb2 Kd7 37. Re1 Bd5 38. Re3 Bc4 39.
Bc3 Ne2 40. Nxe2 dxe2 41. Rd2+ Ke8 42. g4 Bh4 43. Rdxe2 Bxe2 44. Rxe2 Rc8 45. Re3 Rg7 46. f5 Rgc7 47. Bd4 Rc2+ 48. Kg1 Rc1+ 49. Kg2 R8c2+ 50. Kf3 Bg5 51. Rd3 Rh2 52. fxe6 Rxh3+ 53. Ke4 Re1+ 54. Kf5 Rxd3 55. Bc5 Be7 0-1

[Event "*** Titled Tuesday Blitz"]
[Site "Chess.com"]
[Date "2020.11.24"]
[Round "9"]
[White "Gerodot71"]
[Black "sara_khm"]
[Result "0-1"]
[WhiteElo "2483"]
[BlackElo "2596"]
[TimeControl "180+1"]
[EndTime "12:04:15 PST"]
[Termination "sara_khm won on time"]

1. d4 d5 2. c4 e6 3. Nf3 a6 4. g3 dxc4 5. Bg2 Nf6 6. O-O Be7 7. a4 O-O 8. Qc2 a5 9. Qxc4 Na6 10. Bf4 Nd5 11.
Qc1 Bd7 12. Nc3 Nxf4 13. gxf4 c5 14. d5 c4 15. Ne5 Nc5 16. Qe3 exd5 17. Nxd5 Re8 18.
Rad1 Bd6 19. Qg3 Bxa4 20. Rd4 Nb3 21. Rxc4 Bb5 22. Qxb3 Bxc4 23. Nxc4 Rxe2 24. Nce3 Bc5 25. Qc3 Bxe3 26. fxe3 Rxg2+ 27. Kxg2 Qxd5+ 28. Rf3 b5 29. f5 b4 30. Qc7 Re8 31. f6 h6 32. Qc1 Re5 33.
fxg7 Rg5+ 34. Kf2 Rxg7 35. Rg3 Qf5+ 36. Kg2 Rxg3+ 37. hxg3 Qe4+ 38. Kf2 a4 39. Qc8+ Kh7 40. Qd7 b3 41. Qxf7+ Kh8 42. Qf8+ Kh7 43. Qf7+ Kh8 44. Qf6+ Kg8 45. Qd8+ Kf7 46. Qd7+ Kf6 47. Qd6+ Qe6 48. Qf8+ Kg6 49. Ke2 Qc4+ 50. Ke1 Qc1+ 51. Kf2 Qxb2+ 52. Kg1 Qf6 53. Qg8+ Kh5 54. Qe8+ Kg4 0-1

[Event "*** Titled Tuesday Blitz"]
[Site "Chess.com"]
[Date "2020.11.24"]
[Round "9"]
[White "IgorBjelobrk"]
[Black "sopo-tereladze"]
[Result "1-0"]
[WhiteElo "2665"]
[BlackElo "2297"]
[TimeControl "180+1"]
[EndTime "12:04:15 PST"]
[Termination "IgorBjelobrk won by checkmate"]

1. c4 Nf6 2. g3 e6 3. Bg2 d5 4. d4 Be7 5. Nf3 O-O 6. O-O dxc4 7.
Qc2 c5 8. dxc5 Qc7 9. Qxc4 Qxc5 10. Qxc5 Bxc5 11. Ne5 Bd6 12. Nc4 Be7 13. Nc3 Nc6 14. Bf4 Bd7 15. Rfd1 h6 16. Nd6 g5 17. Be3 Rab8 18.
Rd2 b6 19. Nde4 Nxe4 20. Bxe4 Be8 21. g4 Ne5 22. h3 Nc4 23. Rc2 Nxe3 24. fxe3 Bc5 25.
Kf2 f5 26. gxf5 exf5 27. Bd5+ Kg7 28. Kf3 Bh5+ 29. Kg3 Bxe3 30. Nb5 Bf4+ 31. Kg2 Rbd8 32. Nc7 Bf7 33. Ne6+ Bxe6 34. Bxe6 Rfe8 35. Bc4 Kf6 36. Rf1 Re3 37. Bd3 Rde8 38. Rf3 Rxf3 39. exf3 Re6 40. Bf1 h5 41. a3 h4 42. Be2 Bg3 43.
Kf1 Ke5 44. Rc8 Kf4 45. Rc4+ Ke3 46. Rc3+ Kd2 47. Rd3+ Kc2 48. b4 Rc6 49. Rd5 Kb2 50.
a4 Rc1+ 51. Bd1 Rc2 52. Bxc2 Kxc2 53. a5 Kb3 54. axb6 axb6 55. b5 Kc4 56. Rxf5 Bf4 57. Ke2 Kb4 58. Kd3 Ka4 59. Kc4 Bd2 60. Rf6 Be3 61.
Rg6 Bf4 62. Rxb6 Ka5 63. Ra6# 1-0

[Event "*** Titled Tuesday Blitz"]
[Site "Chess.com"]
[Date "2020.11.24"]
[Round "9"]
[White "Beca95"]
[Black "machupichu10"]
[Result "1-0"]
[WhiteElo "2922"]
[BlackElo "2758"]
[TimeControl "180+1"]
[EndTime "12:04:17 PST"]
[Termination "Beca95 won on time"]

1. e3 d5 2. Nf3 c6 3. c4 Nf6 4. Nc3 e6 5. b3 Nbd7 6. Bb2 Bd6 7. Qc2 Qe7 8. d4 O-O 9. Be2 Re8 10. O-O-O a6 11. Rhg1 b5 12. c5 Bc7 13. g4 b4 14.
Na4 e5 15. Rg2 e4 16. Nd2 Nf8 17. h4 g6 18. Rh1 a5 19. g5 Nh5 20. Bxh5 gxh5 21.
Qd1 Bg4 22. Rxg4 hxg4 23. Qxg4 Qe6 24. Qg2 Qf5 25. h5 Ne6 26. Rg1 Kh8 27. Nb6 Rad8 28. f4 exf3 29. Nxf3 Nf4 30. exf4 Bxf4+ 31. Nd2 Qd3 32. Qf2 Be3 33. Qg2 Bxg1 34. Qxg1 Re2 35. Qd1 Rde8 36. Nd7 Re1 37. Ne5 Rxd1+ 38. Kxd1 Qf5 39. Ndf3 f6 40. gxf6 Qxf6 41. Bc1 Rg8 42. Be3 Rg3 43. Ke2 Qf5 44. h6 Kg8 45. Bf2 Rg2 46.
Kf1 Rxf2+ 47. Kxf2 Qc2+ 48. Kg3 Kf8 49. Ng5 Qc3+ 50. Kf4 Qxd4+ 51. Kf5 Qh4 52. Nxh7+ Ke8 53. Nf6+ Kd8 54. h7 Kc7 55. Nf7 Qh3+ 56. Kg6 Qg3+ 57.
Kh6 Qf4+ 58. Kg7 Qg3+ 59. Kf8 d4 60. h8=Q d3 61. Qh7 Kb8 62. Nd6 1-0

[Event "*** Titled Tuesday Blitz"]
[Site "Chess.com"]
[Date "2020.11.24"]
[Round "9"]
[White "Triumphmate"]
[Black "orestn"]
[Result "0-1"]
[WhiteElo "2407"]
[BlackElo "2304"]
[TimeControl "180+1"]
[EndTime "12:04:17 PST"]
[Termination "orestn won by checkmate"]

1. e4 e5 2. Nf3 Nc6 3. Nc3 Nf6 4. Bb5 Bd6 5. d3 h6 6. Be3 a6 7. Bc4 O-O 8. Qd2 Na5 9. h3 Nxc4 10. dxc4 Bb4 11.
Qd3 Bxc3+ 12. Qxc3 Nxe4 13. Qxe5 Re8 14. Qf4 Qf6 15.
Qxf6 Nxf6 16. O-O-O d6 17. g4 b6 18. Rhe1 Bb7 19.
Nd4 Ne4 20. c3 Kh7 21. f3 Ng5 22. Bxg5 hxg5 23. b4 g6 24. Rf1 Kg7 25. Kd2 Rh8 26. Rde1 Rae8 27. Rxe8 Rxe8 28. f4 gxf4 29. Rxf4 Rh8 30.
Nf3 Rxh3 31. Ng5 Rh2+ 32. Ke3 f5 33. Ne6+ Kf6 34. gxf5 gxf5 35. Nxc7 Rxa2 36. Rh4 Rg2 37. Rh6+ Rg6 38. Ne8+ Kg5 39. Rxg6+ Kxg6 40. Nxd6 Bc6 41. Kf4 Bd7 42. c5 bxc5 43. Nc4 cxb4 44. cxb4 Kf6 45. Ne5 Be8 46. Nd3 Bb5 47. Nc5 Bc4 48. Ke3 Ke5 49. Kd2 f4 50. Kc3 Bb5 51. Nb3 f3 52. Nd2 f2 53. Kc2 Kd5 54. Kc3 Ke5 55. Kc2 Kf4 56. Kd1 Ke3 57. Kc2 Kd4 58. Kc1 Kc3 59. Kd1 Kxb4 60.
Kc1 a5 61. Kb1 a4 62. Kb2 a3+ 63. Ka2 Bd3 64. Ka1 Kc3 65. Nb1+ Bxb1 66. Kxb1 f1=Q+ 67. Ka2 Qb5 68. Ka1 Qb2# 0-1

[Event "*** Titled Tuesday Blitz"]
[Site "Chess.com"]
[Date "2020.11.24"]
[Round "9"]
[White "RobertoJBM"]
[Black "SlavenPastar"]
[Result "1-0"]
[WhiteElo "2697"]
[BlackElo "2507"]
[TimeControl "180+1"]
[EndTime "12:04:20 PST"]
[Termination "RobertoJBM won by resignation"]

1. d4 b6 2. e4 Bb7 3. Bd3 Nf6 4. Qe2 e6 5. Nf3 d5 6. e5 Ne4 7. Nbd2 Nxd2 8. Bxd2 c5 9. c4 dxc4 10. Bxc4 cxd4 11. O-O Be7 12. Rfd1 O-O 13. Bf4 Nc6 14. Rd2 Bb4 15. Rdd1 a5 16. a3 Bc5 17. Rac1 a4 18.
Bd3 Be7 19. Qe4 g6 20. Rxc6 Qd7 21. Bb5 Ra5 22. Rxd4 Qe8 23. Rxb6 Bxe4 24. Bxe8 Bc5 25. Rxe4 Bxb6 26. Bxa4 Rd8 27. g3 Rd3 28. Kg2 Kg7 29. Bc2 Rd7 30. Be3 Rb5 31. b4 Bxe3 32. Rxe3 Rbd5 33.
Ba4 Rc7 34. Bb3 h6 35. Bxd5 exd5 36. Rd3 d4 37. Rxd4 Rc3 38. Re4 Rxa3 39. Re3 Ra4 40. Rb3 Ra6 41. b5 Rb6 42. Nd2 f6 43. Nc4 Rb8 44.
exf6+ Kxf6 45. b6 Ke6 46. b7 Kd5 47. Na5 Kc5 48. f4 Kd6 49. g4 Kc7 50. Kf3 Kd6 51. Ke4 Re8+ 52. Kd4 Rb8 53. Rb6+ Kc7 54. Kc5 Rd8 55.
b8=Q+ Rxb8 56. Rxb8 Kxb8 57. Kd6 g5 58. f5 Kc8 59. h3 Kd8 60. Ke6 Ke8 61. Kf6 h5 62. Kxg5 hxg4 63. hxg4 Kf7 64. Kf4 1-0

[Event "*** Titled Tuesday Blitz"]
[Site "Chess.com"]
[Date "2020.11.24"]
[Round "9"]
[White "szachuspl"]
[Black "tdf98pantani"]
[Result "0-1"]
[WhiteElo "2500"]
[BlackElo "2711"]
[TimeControl "180+1"]
[EndTime "12:04:21 PST"]
[Termination "tdf98pantani won by checkmate"]

1. d4 Nf6 2. c4 g6 3. Nc3 Bg7 4. e4 d6 5. Be2 O-O 6. Bg5 c5 7. d5 h6 8. Be3 e6 9. Qd2 exd5 10. cxd5 Kh7 11. f3 Re8 12. g4 a6 13. a4 Qa5 14. Ra3 Nbd7 15. Nh3 Ne5 16. Nf2 Qb4 17. O-O Nc4 18. Bxc4 Qxc4 19. a5 Nd7 20. Qd3 Ne5 21. Qd1 Qb4 22. Ra2 Nc4 23. Bc1 Nxa5 24. Nd3 Qb6 25.
Na4 Qc7 26. b4 cxb4 27. Rc2 Qd8 28. Be3 Bd7 29. Nb6 b3 30. Rc1 b2 31. Rb1 Bb5 32. Rf2 Nc4 33. Nxc4 Bxc4 34. Nxb2 Bb5 35. Na4 Qh4 36.
Nb6 Rad8 37. Rc2 Re7 38. Bf2 Qh3 39. Bg3 f5 40. exf5 gxf5 41. Rxb5 axb5 42. Qd3 Rf7 43. Nc8 Be5 44. f4 Bg7 45. gxf5 Qxf5 46. Qxf5+ Rxf5 47. Nb6 b4 48. Rc4 b3 49. Rb4 b2 50. Nc4 Bc3 51. Rb3 Rxd5 52. Nxb2 Rd2 53. Rxc3 Rxb2 54. f5 Ra8 55. Rc7+ Kg8 56. Rc1 Raa2 57. Bxd6 Rc2 58. Re1 Rg2+ 59. Kh1 Rge2 60. Rg1+ Kf7 61.
Bf4 Rf2 62. Bxh6 Rxh2# 0-1

[Event "*** Titled Tuesday Blitz"]
[Site "Chess.com"]
[Date "2020.11.24"]
[Round "9"]
[White "Slovak_fighter2000"]
[Black "klimkoj"]
[Result "0-1"]
[WhiteElo "2465"]
[BlackElo "2618"]
[TimeControl "180+1"]
[EndTime "12:04:23 PST"]
[Termination "klimkoj won on time"]

1. d4 Nf6 2. Bf4 b6 3. Nf3 Bb7 4. e3 g6 5. Nbd2 Bg7 6. Be2 O-O 7. h3 d6 8. O-O Nbd7 9. Bh2 c5 10. c3 b5 11. Bxb5 Qb6 12. Qb3 a6 13. Be2 Qc7 14.
Rfc1 Bc6 15. Qa3 Qb7 16. Rab1 a5 17. Qb3 Qa7 18. Qd1 Rfb8 19. Ne1 a4 20. b3 axb3 21. axb3 Nd5 22. Bf3 Qb7 23. c4 Nxe3 24. fxe3 cxd4 25.
exd4 Bxd4+ 26. Kh1 Be3 27. Bxc6 Qxc6 28. Rc3 Bh6 29. Nef3 Nc5 30. Qe2 Ra2 31. Qe1 Ne6 32. Nf1 Rba8 33. b4 Bg7 34. Rcc1 Bh6 35. Rc3 Bg7 36.
b5 Qc8 37. b6 Bxc3 38. Qxc3 Qb7 39. Ne3 Ng5 40. Nd5 Nxf3 41. Qxf3 Ra1 42. Nf6+ exf6 43.
Qxb7 Rxb1+ 44. Bg1 Raa1 45. Qc8+ Kg7 46. b7 Rxg1+ 47.
Kh2 Rh1+ 48. Kg3 Ra3+ 49. Kf2 Ra2+ 50. Ke3 Re1+ 51. Kd3 Ra3+ 52. Kc2 Re2+ 53. Kd1 Rb2 54. Kc1 Rab3 55. Qd7 Rxb7 56. Qxd6 Rxg2 57. Qd5 Rbb2 58. Qe4 Ra2 59. Kb1 Raf2 60. Qd3 Rg1+ 0-1

[Event "*** Titled Tuesday Blitz"]
[Site "Chess.com"]
[Date "2020.11.24"]
[Round "9"]
[White "Hercog"]
[Black "amatatanav"]
[Result "1-0"]
[WhiteElo "2285"]
[BlackElo "2375"]
[TimeControl "180+1"]
[EndTime "12:04:23 PST"]
[Termination "Hercog won by checkmate"]

1. d4 Nf6 2. c4 e6 3. Nc3 d5 4. cxd5 exd5 5. Bg5 Be7 6. e3 h6 7. Bh4 O-O 8. Bd3 c6 9. Qc2 Re8 10. Nge2 Nbd7 11. O-O-O b5 12. Rhe1 a5 13. Kb1 a4 14.
f3 Nb6 15. Rc1 Nc4 16. e4 Qa5 17. Bxf6 Bxf6 18. exd5 Ne3 19. Qd2 Nxd5 20. Nf4 Nxc3+ 21. Qxc3 Rxe1 22. Rxe1 Bd7 23. Qxa5 Rxa5 24. Ne2 b4 25. Rc1 Rd5 26. Be4 Rd6 27. Rc4 b3 28. axb3 axb3 29. Kc1 g6 30. Kd2 c5 31. Rxc5 Bxd4 32. Nxd4 Rxd4+ 33. Kc3 Rd1 34. Kxb3 Be6+ 35. Kc3 f5 36. Bd3 Rg1 37.
g3 Rg2 38. Rc6 Kf7 39. b4 Rxh2 40. b5 f4 41. Bxg6+ Kxg6 42. Rxe6+ Kf5 43. Re4 fxg3 44. Rg4 g2 45. b6 h5 46. Rg8 h4 47. b7 h3 48.
b8=Q Rh1 49. Qf8+ Ke5 50. Qe7+ Kf4 51. Qf6+ Ke3 52. Re8+ Kf2 53. Qh4+ Kxf3 54. Qh5+ Kg3 55. Qg5+ Kh2 56. Qe5+ Kg1 57. Qe3+ Kh2 58. Qf4+ Kg1 59. Re1# 1-0

[Event "*** Titled Tuesday Blitz"]
[Site "Chess.com"]
[Date "2020.11.24"]
[Round "9"]
[White "BJthechessgod"]
[Black "Fortitudine"]
[Result "1/2-1/2"]
[WhiteElo "2237"]
[BlackElo "2356"]
[TimeControl "180+1"]
[EndTime "12:04:27 PST"]
[Termination "Game drawn by repetition"]

1. e4 c5 2. Nf3 d6 3. c3 Nf6 4. Be2 Nbd7 5. d3 g6 6. O-O Bg7 7. Re1 O-O 8. Nbd2 b6 9. a4 a6 10. Nc4 Bb7 11. h3 h6 12. Bf4 Kh7 13. Qd2 b5 14.
axb5 axb5 15. Na3 Bc6 16. e5 dxe5 17. Nxe5 Nxe5 18. Bxe5 Qd7 19. Nc2 Rxa1 20. Rxa1 Rc8 21. Ne3 Qe6 22. Bxf6 exf6 23. Ra7 f5 24. Ra6 Qd7 25. Qd1 f4 26. Nf1 Qb7 27. Qa1 Bxg2 28. Ra7 Qd5 29. Bg4 Rf8 30. Rd7 Qc6 31. Nd2 Bd5 32. Ra7 h5 33. Be2 f3 34. Bf1 Qf6 35. Qe1 Bc6 36. Ra6 Qd6 37. Ne4 Qc7 38. Nxc5 Bb7 39.
Nxb7 Qxb7 40. Rd6 Qc7 41. Rd5 b4 42. Qe4 bxc3 43. bxc3 Qxc3 44. Qxf3 Qf6 45. Qxf6 Bxf6 46. Rd7 Kg7 47. d4 Rd8 48. Rxd8 Bxd8 49. Kg2 Bb6 50. d5 Kf6 51. Bc4 Ke5 52. d6 f6 53. d7 Bd8 54.
Bf7 g5 55. Bxh5 Kd6 56. Bg4 Ke5 57. Bh5 Ke6 58. Be8 Ke7 59. Kf3 Kd6 60. Ke4 Bc7 61. Kf5 Bd8 62. Kg6 Be7 63. Kf7 Bd8 64. Kg6 Be7 65. Kf5 Bd8 66. f4 Be7 67. fxg5 fxg5 68. Kg6 Bd8 69. Kf7 Be7 70. Kg6 Bd8 71. Kf5 Be7 72.
Ke4 Bd8 73. Kf3 Be7 74. Kg4 Bd8 75. Kh5 Ke6 76. Kg6 Kd6 1/2-1/2

[Event "*** Titled Tuesday Blitz"]
[Site "Chess.com"]
[Date "2020.11.24"]
[Round "9"]
[White "anon219"]
[Black "ChessicallyInclined"]
[Result "1/2-1/2"]
[WhiteElo "2758"]
[BlackElo "2550"]
[TimeControl "180+1"]
[EndTime "12:04:29 PST"]
[Termination "Game drawn - insufficient material"]

1. e4 e5 2. Bc4 Nf6 3. Nc3 Nxe4 4. Qh5 Nd6 5. Bb3 Be7 6. Qxe5 O-O 7. d3 Nc6 8. Qf4 Re8 9. Nge2 Bf6 10. O-O Ne7 11. Ng3 Ng6 12. Qf3 Ne5 13. Qd1 b5 14. Nce4 Nxe4 15.
Nxe4 Bb7 16. Bf4 Bxe4 17. dxe4 Ng6 18. Bc1 Rxe4 19. Qd5 Re7 20. Qxb5 c6 21. Qa4 Qc7 22.
c3 Rae8 23. Be3 d6 24. Rad1 Be5 25. h4 d5 26. Qg4 Bd6 27. h5 Re4 28. f4 Rxe3 29.
hxg6 hxg6 30. c4 Bc5 31. Kh1 d4 32. Bc2 Re2 33. Rc1 Qd6 34. a3 d3 35. Bd1 Re1 36. Bf3 Rxc1 37. Rxc1 d2 38. Rd1 Re1+ 39. Kh2 Bg1+ 40.
Kh3 f5 41. Qh4 Rxd1 42. Bxd1 Qd3+ 43. Qg3 Qxg3+ 44. Kxg3 Bd4 45. b4 Bb2 46. a4 Ba3 47. b5 cxb5 48. cxb5 Bb4 49. Kf3 Kf7 50. Ke2 Kf6 51. Kd3 g5 52. g3 gxf4 53. gxf4 g5 54. fxg5+ Kxg5 55. Kc4 Ba5 56. Kd3 Kf4 57. Ke2 Kg3 58. Ke3 f4+ 59. Ke4 Bc7 60. Bh5 Kf2 61. Kd3 Ke1 62. Kc2 Kf2 63. Kxd2 f3 64. Kd1 Kg2 65.
Bxf3+ Kxf3 66. Kc2 Ke4 67. Kb3 Kd5 68. Kb4 Bd6+ 69.
Ka5 Bc5 70. Ka6 Kc4 71. a5 Kb4 72. b6 axb6 73. axb6 Bxb6 1/2-1/2

[Event "*** Titled Tuesday Blitz"]
[Site "Chess.com"]
[Date "2020.11.24"]
[Round "9"]
[White "elamier"]
[Black "sergeikim"]
[Result "1-0"]
[WhiteElo "2374"]
[BlackElo "2508"]
[TimeControl "180+1"]
[EndTime "12:04:34 PST"]
[Termination "elamier won on time"]

1. e4 e5 2. Nf3 Nc6 3. Bb5 a6 4. Ba4 Nf6 5. O-O b5 6. Bb3 Bc5 7. Nxe5 Nxe5 8. d4 Bxd4 9. Qxd4 d6 10. c3 O-O 11. Bg5 c5 12. Qe3 h6 13. Bh4 Ng6 14.
Bg3 Bb7 15. Nd2 Re8 16. Bc2 Rc8 17. Rad1 d5 18. e5 Ng4 19. Qd3 N4xe5 20. Bxe5 Rxe5 21.
f4 Re8 22. Nf3 c4 23. Qd2 Qf6 24. Nd4 Re7 25. Rf3 Rce8 26. Rdf1 Bc8 27. Rg3 Nh4 28. f5 Re5 29. Qf4 Re1 30. Rg4 Rxf1+ 31. Kxf1 Qe7 32. Qf2 Ng6 33. Rg3 Ne5 34. f6 Qd6 35. Rxg7+ Kh8 36. Qf4 Ng4 37. Rxg4 Qxf4+ 38. Rxf4 Be6 39. Nxe6 Rxe6 40.
Kf2 Re5 41. Rf3 Kg8 42. g3 d4 43. cxd4 Rd5 44. Rf4 b4 45. Ke3 Kf8 46. Be4 Rd6 47.
d5 c3 48. bxc3 bxc3 49. Kd4 Ke8 50. Kxc3 Rb6 51. Kd4 Kd7 52. Rf2 Kd6 53. Rc2 Rb4+ 54. Rc4 Rb2 55. Rc6+ Kd7 56. Rxa6 Rxh2 57. Bf5+ Kc7 58.
d6+ Kb7 59. d7 Rd2+ 60. Bd3 Kc7 61. Ra7+ Kd8 62. Ke3 Rd1 63. Bf5 1-0

[Event "*** Titled Tuesday Blitz"]
[Site "Chess.com"]
[Date "2020.11.24"]
[Round "9"]
[White "Das_Virus_2020"]
[Black "mortngabriel"]
[Result "0-1"]
[WhiteElo "2477"]
[BlackElo "2366"]
[TimeControl "180+1"]
[EndTime "12:04:36 PST"]
[Termination "mortngabriel won on time"]

1. e4 c5 2. Nc3 a6 3. f4 b5 4. Nf3 Bb7 5. d3 e6 6. Be2 d5 7.
f5 exf5 8. Nxd5 Bxd5 9. exd5 Qxd5 10. O-O Nf6 11. Ng5 Nc6 12. Bf3 Qd7 13. Qe1+ Be7 14.
Kh1 Ra7 15. Nh3 O-O 16. Nf4 Nd4 17. Bd1 Bd6 18. c3 Ne6 19. Nh5 Nxh5 20. Bxh5 g6 21. Bf3 Bf4 22. Bxf4 Nxf4 23. Qe3 Nxd3 24. Rad1 c4 25.
b3 Qe7 26. Qg1 Rd8 27. bxc4 bxc4 28. Qb6 Re8 29. h3 Qc5 30. Qxc5 Nxc5 31. Bd5 Ne4 32. Kh2 Nxc3 33. Rd4 Nxd5 34. Rxd5 Rc7 35. Rc1 c3 36.
Rc2 Re4 37. Ra5 Re6 38. Ra3 Rec6 39. Kg3 Kg7 40. Kf3 Kf6 41. Ke3 g5 42. Kd3 f4 43.
Ke4 Ke6 44. Ra5 Rc4+ 45. Kd3 R4c5 46. Rxa6+ R7c6 47. Ra4 Ke5 48. Re4+ Kf5 49. Ra4 Rd5+ 50. Ke2 f6 51. Ra3 Rdc5 52. Kd3 h5 53. Raxc3 Rxc3+ 54. Rxc3 Rd6+ 55. Ke2 g4 56. Rc5+ Ke4 57. Rxh5 f3+ 58.
gxf3+ gxf3+ 59. Kf2 Rd2+ 60. Ke1 Rxa2 61. Rh8 f5 62. Kf1 Kf4 63. Rh4+ Kg3 64. Rc4 Ra1+ 0-1